 Dungeon Crawl Stone Soup version 0.31-a0-431-g88bdf31460 (webtiles) character file.

Game seed: 3621624529803714284

5208 dr0g0th the Basher (level 10, -8/61 HPs)
             Began as a Gargoyle Gladiator on July 28, 2023.
             Was a Follower of Okawaru.
             Mangled by a two-headed ogre
             ... wielding a +0 giant spiked club
              (11 damage)
             ... on level 9 of the Dungeon on July 31, 2023.
             The game lasted 00:13:41 (7934 turns).

dr0g0th the Basher (Gargoyle Gladiator)             Turns: 7934, Time: 00:13:42

Health: -8/61      AC: 24    Str: 22    XL:     10   Next: 60%
Magic:  9/10       EV: 10    Int:  9    God:    Okawaru [*.....]
Gold:   394        SH:  0    Dex:  9    Spells: 9/9 levels left

rFire   . . .        w - +0 flail (holy)
rCold   . . .        (no shield)
rNeg    + + .        r - +0 chain mail
rPois   ∞            a - +1 hat
rElec   +            B - +2 cloak
rCorr   .            m - +0 pair of gloves
SInv    .            (no boots)
Will    .....        f - amulet of the acrobat Stlth
                     b - ring of positive energy
HPRegen 0.30/turn    y - ring of willpower
MPRegen 0.12/turn

%: acrobat, clarity
@: weak-willed
A: sickness immunity, AC +7, negative energy resistance 1, electricity
resistance, torment resistance 1, petrification resistance, clarity, clumsy 1
a: Renounce Religion, Heroism


You were on level 9 of the Dungeon.
You worshipped Okawaru.
Okawaru was aware of your devotion.
You visited 2 branches of the dungeon, and saw 11 of its levels.

You collected 394 gold pieces.

Inventory:

Hand Weapons
 g - the +5 scythe "Finisher" {speed, execute}
   (You found it on level 9 of the Dungeon)
 n - a +1 whip of electrocution
 u - a +0 morningstar
 w - a +0 flail of holy wrath (weapon)
Missiles
 d - 3 throwing nets (quivered)
 e - a javelin
Armour
 a - a +1 hat (worn)
 m - a +0 pair of gloves (worn)
 r - a +0 chain mail (worn)
 B - a +2 cloak (worn)
Jewellery
 b - a ring of positive energy (left hand)
 f - an amulet of the acrobat (around neck)
 y - a ring of willpower (right hand)
 A - a +4 ring of protection
Wands
 l - a wand of flame (10)
 s - a wand of iceblast (12)
Scrolls
 h - 5 scrolls of identify {unknown}
 j - a scroll of poison {unknown}
 p - 2 scrolls of revelation {unknown}
 q - 6 scrolls of teleportation {unknown}
 v - 3 scrolls of amnesia {unknown}
 x - a scroll of blinking {unknown}
 z - 2 scrolls of butterflies {unknown}
Potions
 k - a potion of cancellation
 o - a potion of brilliance {unknown}
 t - a potion of curing
 C - a potion of enlightenment


   Skills:
 + Level 6.5 Fighting
 + Level 10.3 Maces & Flails
 + Level 1.8 Throwing
 + Level 9.8 Armour
 + Level 4.9 Dodging
 + Level 1.7 Stealth
 + Level 0.1 Invocations


You had 9 spell levels left.
You didn't know any spells.
Your spell library contained the following spells:

 Spells                   Type           Power      Damage    Failure   Level
 Magic Dart               Conj           0%         1d3       89%         1
 Wereblood                Tmut           0%         N/A       96%         2
 Dazzling Flash           Conj/Hex       0%         N/A       99%         3
 Ignite Poison            Fire/Tmut/Pois 0%         N/A       99%         3
 Leda's Liquefaction      Hex/Erth       0%         N/A       100%        4
 Agony                    Necr           0%         N/A       100%        5
 Fireball                 Conj/Fire      0%         3d3       100%        5
 Freezing Cloud           Conj/Ice/Air   0%         6-21      100%        5
 Irradiate                Conj/Tmut      0%         3d11      100%        5
 Iskenderun's Battlesphe  Conj           0%         2d6       100%        5
 Lee's Rapid Deconstruct  Erth           0%         3d4*      100%        5
 Silence                  Hex/Air        0%         N/A       100%        5
 Conjure Ball Lightning   Conj/Air       0%         3x3d6     100%        6
 Leda's Unmaking          Conj/Erth      0%         9d1       100%        6
 Starburst                Conj/Fire      0%         6d3       100%        6
 Orb of Destruction       Conj           0%         9d5       100%        7
 Lehudib's Crystal Spear  Conj/Erth      0%         10d2      100%        8
 Cigotuvi's Dreadful Rot  Necr/Pois/Air  Unusable   N/A       N/A         2
 Summon Forest            Summ/Tloc      Unusable   N/A       N/A         5

Dungeon Overview and Level Annotations

Branches:
Dungeon (10/15)            Temple (1/1) D:7            Lair (0/5) D:8
    Orc: D:9-12

Altars:
Ashenzari
Cheibriados
Dithmenos
Elyvilon
Fedhas
Gozag
Hepliaklqana
Kikubaaqudgha
Makhleb
Nemelex Xobeh
Okawaru
Qazlal
Ru
Sif Muna
Trog
Uskayaw
Wu Jian
Xom
Yredelemnul
Zin
The Shining One

Shops:
D:4 *

Annotations:
D:9 Joseph


Innate Abilities, Weirdness & Mutations

You are immune to sickness and miasma.
Your stone body is resilient. (AC +7)
You are immune to poison.
You resist negative energy. (rN+)
You are resistant to electric shocks. (rElec)
You are resistant to unholy torment.
You are immune to petrification.
You possess an exceptional clarity of mind.
You are clumsy. (Dex -2)


Message History

The two-headed ogre hits you but does no damage.
The two-headed ogre barely misses you.
You sock Joseph!
Joseph is severely wounded.
You hit Joseph.
Joseph is severely wounded.
Joseph hits you but does no damage.
The two-headed ogre hits you with a +0 giant spiked club!
The two-headed ogre hits you but does no damage.
You barely miss Joseph.
Joseph is severely wounded.
Joseph barely misses you.
You hit Joseph.
Joseph is severely wounded.
Joseph hits you but does no damage.
You closely miss Joseph.
Joseph is severely wounded.
The two-headed ogre misses you. The two-headed ogre barely misses you.
You barely miss Joseph.
Joseph is severely wounded.
Joseph hits you but does no damage.
You hit Joseph but do no damage.
Joseph is severely wounded.
You feel like a meek peon again.
The two-headed ogre hits you with a +0 giant spiked club.
The two-headed ogre hits you with a +0 giant club.
Joseph hits you with a +0 quarterstaff!
You hit Joseph but do no damage.
Joseph is severely wounded.
Joseph hits you but does no damage.
You thump Joseph!
Joseph is almost dead.
The two-headed ogre hits you with a +0 giant spiked club!
The two-headed ogre hits you with a +0 giant club!
* * * LOW HITPOINT WARNING * * *
As you read the scroll labelled UJIOMU XONYT, it dissolves into smoke.
It was a scroll of fog.
Joseph hits you with a +0 quarterstaff!
* * * LOW HITPOINT WARNING * * *
The two-headed ogre hits you with a +0 giant spiked club!
You die...

#################################
..............§§§@§....).........
..#########...§§@Oo..............
..# #..######..#####....... ..#
#..# #..# #....... ..# #..# #O.#
#....... ..# #..# #..# #.......
..# #..# #..# #....... ..# #..#
#..# #...o... ..# #..# #.@.....
#..# #!......


You could see Joseph (weak-willed), a two-headed ogre (weak-willed) and an orc
(weak-willed).

Vanquished Creatures
  A skeletal warrior (D:9)
  Pikel (D:6)
  Grinder (D:6)
  4 wraiths (D:9)
  A steam dragon (D:7)
  5 water moccasins
  A black bear (D:4)
  2 orc warriors
  An ice beast (D:7)
  A sky beast (D:8)
  An ogre (D:5)
  4 centaurs
  2 lemures (D:6)
  2 kobold brigands
  2 bullfrogs (D:7)
  3 scorpions
  5 wights (D:8)
  5 killer bees (D:8)
  9 orc priests
  A jelly (D:5)
  A gnoll bouda (D:5)
  2 sleepcaps
  3 iguanas
  11 orc wizards
  A mummy (D:5)
  Robin (D:4)
  3 gnolls (D:5)
  9 adders
  5 white imps
  3 worms (D:2)
  2 dart slugs (D:3)
  21 orcs
  A bat zombie (D:6)
  8 endoplasms
  2 giant cockroaches
  15 goblins
  4 hobgoblins
  3 jackals (D:3)
  9 kobolds
  7 quokkas
  6 ball pythons
  2 bats (D:2)
  5 frilled lizards
  3 rats
  2 rat zombies (D:6)
  A spectral orc (D:8)
182 creatures vanquished.

Notes
Turn   | Place    | Note
-------+----------+-------------------------------------------
     0 | D:1      | dr0g0th the Gargoyle Gladiator began the quest for the Orb.
     0 | D:1      | Reached XP level 1. HP: 12/12 MP: 1/1
   179 | D:1      | Reached XP level 2. HP: 18/18 MP: 2/2
   849 | D:2      | Reached skill level 1 in Armour
   849 | D:2      | Reached XP level 3. HP: 21/22 MP: 3/3
   972 | D:2      | Upgraded the game from 0.31-a0-369-g8eba5f6939 to
                  | 0.31-a0-431-g88bdf31460
   993 | D:2      | Found a faded altar of an unknown god.
  1228 | D:2      | Reached XP level 4. HP: 27/27 MP: 4/4
  1413 | D:3      | Reached skill level 4 in Maces & Flails
  1692 | D:3      | Found a broken altar of Ashenzari.
  1975 | D:4      | Reached XP level 5. HP: 31/31 MP: 5/5
  1982 | D:4      | Noticed Robin
  2083 | D:4      | Killed Robin
  2161 | D:4      | Found Ygusmurr's CLEARANCE SALE!.
  2199 | D:4      | Got the Anthology of Peregrination and Blasts
  2227 | D:4      | Found a white marble altar of Elyvilon.
  2584 | D:5      | Entered Level 5 of the Dungeon
  2599 | D:5      | Reached XP level 6. HP: 26/36 MP: 6/6
  2633 | D:5      | Reached skill level 5 in Maces & Flails
  2843 | D:5      | Noticed a water moccasin
  2844 | D:5      | Noticed a black bear
  2878 | D:4      | Killed a black bear
  2879 | D:4      | Reached XP level 7. HP: 30/41 MP: 7/7
  3209 | D:4      | Reached skill level 6 in Maces & Flails
  3222 | D:5      | Reached skill level 5 in Armour
  3621 | D:5      | Found a snail-covered altar of Cheibriados.
  3627 | D:5      | Reached XP level 8. HP: 48/48 MP: 8/8
  3798 | D:5      | Found a shimmering blue altar of Sif Muna.
  4320 | D:6      | Reached skill level 7 in Maces & Flails
  4377 | D:6      | Reached skill level 1 in Stealth
  4501 | D:6      | Noticed Pikel
  4546 | D:6      | Killed Pikel
  4547 | D:6      | Reached XP level 9. HP: 49/52 MP: 9/9
  4737 | D:6      | Noticed Grinder
  4738 | D:6      | Paralysed by Grinder for 3 turns
  4751 | D:6      | Reached skill level 8 in Maces & Flails
  4753 | D:6      | Killed Grinder
  4883 | D:6      | Found an ancient bone altar of Kikubaaqudgha.
  5127 | D:7      | Reached skill level 5 in Fighting
  5209 | D:7      | Found a hide-covered altar of Uskayaw.
  5231 | D:7      | Gained mutation: You are clumsy. (Dex -2) [potion of
                  | mutation]
  5231 | D:7      | Gained mutation: You possess an exceptional clarity of
                  | mind. [potion of mutation]
  5855 | D:7      | Found a staircase to the Ecumenical Temple.
  5874 | Temple   | Entered the Ecumenical Temple
  5877 | Temple   | Became a worshipper of Warmaster Okawaru
  6054 | D:7      | Reached skill level 9 in Maces & Flails
  6308 | D:7      | Found a stormy altar of Qazlal.
  6430 | D:7      | Found a bloodstained altar of Trog.
  6792 | D:8      | Reached XP level 10. HP: 59/59 MP: 10/10
  6844 | D:8      | Reached * piety under Okawaru
  7152 | D:8      | Found a hazy altar of Hepliaklqana.
  7222 | D:8      | Reached skill level 10 in Maces & Flails
  7253 | D:8      | Found a staircase to the Lair.
  7405 | D:8      | You fall into a shaft and drop 2 floors!
  7405 | D:10     | Entered Level 10 of the Dungeon
  7501 | D:10     | Noticed a two-headed ogre
  7502 | D:10     | Noticed a kobold demonologist
  7502 | D:10     | Noticed a kobold demonologist
  7540 | D:9      | Noticed a skeletal warrior
  7540 | D:9      | Found the +5 scythe "Finisher" {speed, execute}
  7559 | D:9      | Killed a skeletal warrior
  7788 | D:9      | Reached ** piety under Okawaru
  7898 | D:9      | Noticed Joseph
  7909 | D:9      | Noticed a two-headed ogre
  7934 | D:9      | HP: 3/61 [Joseph/+0 quarterstaff (9)]
  7934 | D:9      | Mangled by a two-headed ogre

Illustrated notes

Levels and vault maps discovered:
D:1:      dpeg_arrival_line_fractal, layout_basic, serial_forest,
          infiniplex_forest_end_2, infiniplex_forest_clump_medium,
          infiniplex_forest_clump_double, infiniplex_forest_diagonal,
          infiniplex_forest_corner_1, infiniplex_forest_zigzag_2,
          infiniplex_forest_clump_diagonal, infiniplex_forest_clump_small,
          infiniplex_forest_3_way
D:2:      minmay_angry_zag, layout_loops_cross,
          ebering_ecumenical_altar_sacrificial
D:3:      layout_basic, nicolae_ashenzari_skybound
D:4:      layout_cave_pools, nicolae_elyvilon_temple_path,
          nicolae_shop_clearance, uniq_robin
D:5:      layout_cave_pools, chei_slow_surprise, kennysheep_orc_sif_temple
D:6:      nicolae_cairo_tiling, layout_basic, lemuel_zombie_altar_kikubaaqudgha,
          uniq_grinder, uniq_pikel
D:7:      layout_basic, marbit_many_paths, kennysheep_little_box,
          eat_drink_and_be_merry_uskayaw, minmay_temple_entry_grid,
          david_defended_altar_orc
D:8:      layout_loops_ring, nicolae_hepliaklqana_monster_ancestors,
          lair_entry_dummy
D:9:      layout_long_grid, minmay_guarded_unrand_finisher, uniq_joseph
D:10:     layout_rooms, vehumet_altar_wand_db, nzn_random_ring
Temple:   nicolae_temple_hex_pool

Skill      XL: |  1  2  3  4  5  6  7  8  9 10 |
---------------+-------------------------------+-----
Armour         | 1 3 4 5 7 8 9 |  9.8
Dodging        | 3 4 |  4.9
Maces & Flails | 4 5 6 7 9 10 | 10.3
Fighting       | 3 4 5 6 |  6.5
Stealth        | 1 |  1.7
Throwing       | |  1.8
Invocations    | |  0.1

Action                     |  1- 3 |  4- 6 |  7- 9 | 10-12 || total
---------------------------+-------+-------+-------+-------++-------
  Melee: Flail             |    35 |       |    34 |   111 ||   180
         Whip              |    58 |   171 |   354 |    71 ||   654
         Punch             |     1 |       |     4 |     1 ||     6
 Invoke: Heroism           |       |       |       |     2 ||     2
    Use: Potion            |       |     2 |    13 |       ||    15
         Scroll            |       |     1 |     1 |     3 ||     5
 Armour: Leather armour    |    22 |    11 |       |       ||    33
         Chain mail        |       |   119 |   173 |    90 ||   382
         Skin              |       |       |    46 |       ||    46
  Dodge: Dodged            |    60 |    83 |   186 |    96 ||   425

Table legend: (Time is in decaauts)
 A = Elapsed time spent in this place.
 B = Non-inter-level travel time spent in this place.
 C = Inter-level travel time spent in this place.
 D = Time resting spent in this place.
 E = Time spent auto-exploring this place.
 F = Levels seen in this place.
 G = Mean time per level.
                   A        B        C        D        E       F      G
               +--------+--------+--------+--------+--------+-----+--------+
         Total |   7811 |   7570 |    241 |   1220 |   4844 |  11 |  710.1 |
       Dungeon |   7804 |   7566 |    238 |   1220 |   4844 |  10 |  780.4 |
        Temple |      6 |      3 |      3 |      0 |      0 |   1 |    6.0 |
               +--------+--------+--------+--------+--------+-----+--------+

Top non-repeatable levels by time:
     D:6: 1414 daAuts
     D:7: 1299 daAuts
     D:5: 924 daAuts
     D:3: 910 daAuts
     D:8: 731 daAuts
     D:1: 696 daAuts
     D:2: 664 daAuts
     D:4: 630 daAuts
     D:9: 425 daAuts
    D:10: 109 daAuts
  Temple: 6 daAuts
